ESL (28 & UNDER)
READING RAINBOWS @ BUTLER WHITE SOX
06/24/2028
 
TOP OF THE 1ST
Reading Rainbows batting - Pitching for Butler White Sox : LHP Todd Anderson
Pitching: LHP Todd Anderson
Batting: RHB Richard Case 0-0: Ball
1-0: Ground out 6-3 (Groundball, 6)
Batting: RHB Tim Davis 0-0: Fly out, F8 (Line Drive, 8RD)
Batting: RHB José Ortega 0-0: Swinging Strike
0-1: Ball
1-1: Foul Ball, location: 2F
1-2: SINGLE (Groundball, 6MD)
Batting: LHB Shane Lynch 0-0: Ball
1-0: Ball
2-0: Fielders Choice at 2nd, 4-6 (Groundball, 4)
Top of the 1st over - 0 run(s), 1 hit(s), 0 error(s), 0 left on base; Reading 0 - Butler 0
BOTTOM OF THE 1ST
Butler White Sox batting - Pitching for Reading Rainbows : LHP Armando Rodríguez
Pitching: LHP Armando Rodríguez
Batting: RHB Jerry Moore 0-0: Ball
1-0: Fly out, F5 (Popup, 56)
Batting: RHB Bobby Murdock 0-0: Ball
1-0: Fly out, F8 (Line Drive, 8RD)
Batting: RHB Tom Lang 0-0: Called Strike
0-1: Ball
1-1: SINGLE (Groundball, 56D)
Batting: RHB Luis Fuentes 0-0: Ball
1-0: Fly out, F9 (Flyball, 9S)
Bottom of the 1st over - 0 run(s), 1 hit(s), 0 error(s), 1 left on base; Reading 0 - Butler 0
TOP OF THE 2ND
Reading Rainbows batting - Pitching for Butler White Sox : LHP Todd Anderson
Batting: RHB Jeff Townsley 0-0: Ball
1-0: Ball
2-0: Ball
3-0: Base on Balls
Batting: RHB Ron King 0-0: Ball
Wild Pitch!
Jeff Townsley to second
1-0: Ball
2-0: Ball
3-0: Base on Balls
Batting: SHB Dan Chandler 0-0: Called Strike
0-1: Ball
1-1: Fielders Choice at 2nd, 5-4 (Groundball, 56)
Jeff Townsley to third
Batting: RHB Germán Romero 0-0: Ball
1-0: Foul Ball, location: 2F
1-1: Ball
2-1: Swinging Strike
2-2: Strikes out swinging
Batting: RHB Hubert Brown 0-0: Foul Ball, location: 2F
0-1: Ball
1-1: Called Strike
1-2: Fly out, F8 (Flyball, 8LD)
Top of the 2nd over - 0 run(s), 0 hit(s), 0 error(s), 2 left on base; Reading 0 - Butler 0
BOTTOM OF THE 2ND
Butler White Sox batting - Pitching for Reading Rainbows : LHP Armando Rodríguez
Batting: RHB Luis Ramos 0-0: Fly out, F7 (Line Drive, 7)
Batting: LHB Thomas Dixon 0-0: Called Strike
0-1: Ball
1-1: Ball
2-1: DOUBLE (Groundball, 5L)
Batting: LHB Sean Perkins 0-0: Ball
1-0: SINGLE (Line Drive, 8LS)
Thomas Dixon to third
Runner from 3rd tries for Home, throw and OUT!
Batting: LHB Jim Knight 0-0: Ball
1-0: Ball
2-0: Ball
3-0: Base on Balls
Sean Perkins to second
Batting: LHB Josh Pérez 0-0: Called Strike
0-1: Foul Ball, location: 2F
0-2: Ball
1-2: Foul Ball, location: 2F
1-2: Ground out 4-3 (Groundball, 4S)
Bottom of the 2nd over - 0 run(s), 2 hit(s), 0 error(s), 2 left on base; Reading 0 - Butler 0
TOP OF THE 3RD
Reading Rainbows batting - Pitching for Butler White Sox : LHP Todd Anderson
Batting: RHB Richard Case 0-0: Ball
1-0: SINGLE (Line Drive, 56)
Batting: RHB Tim Davis 0-0: Called Strike
0-1: Ball
1-1: Ball
2-1: Bunt missed!
2-2: Ball
3-2: Foul Ball, location: 2F
3-2: DOUBLE (Line Drive, 78D)
Richard Case to third
Batting: RHB José Ortega 0-0: Ball
1-0: Ball
2-0: Ball
3-0: Called Strike
3-1: Base on Balls
Batting: LHB Shane Lynch 0-0: Ball
1-0: Called Strike
1-1: Foul Ball, location: 2F
1-2: Foul Ball, location: 2F
1-2: DOUBLE (Line Drive, 5D)
Richard Case scores
Tim Davis scores
José Ortega to third
Batting: RHB Jeff Townsley 0-0: Called Strike
0-1: Called Strike
0-2: Ball
1-2: Ground out 6-3 (Groundball, 56D)
José Ortega scores
Batting: RHB Ron King 0-0: Called Strike
0-1: Foul Ball, location: 2F
0-2: Ball
1-2: Ball
2-2: Ball
3-2: Foul Ball, location: 2F
3-2: Foul Ball, location: 2F
3-2: Foul Ball, location: 2F
3-2: Foul Ball, location: 2F
3-2: Foul Ball, location: 2F
3-2: Ground out 6-3 (Groundball, 6)
Shane Lynch to third
Batting: SHB Dan Chandler 0-0: Called Strike
0-1: Ball
1-1: Swinging Strike
1-2: Ground out 4-3 (Groundball, 4)
Top of the 3rd over - 3 run(s), 3 hit(s), 0 error(s), 1 left on base; Reading 3 - Butler 0
BOTTOM OF THE 3RD
Butler White Sox batting - Pitching for Reading Rainbows : LHP Armando Rodríguez
Batting: RHB Jerry Moore 0-0: Called Strike
0-1: Swinging Strike
0-2: Strikes out swinging
Batting: RHB Bobby Murdock 0-0: Ball
1-0: SINGLE (Flyball, 8LS)
Batting: RHB Tom Lang 0-0: Called Strike
0-1: Swinging Strike
0-2: Foul Ball, location: 2F
0-2: Strikes out looking
Batting: RHB Luis Fuentes 0-0: Called Strike
0-1: Swinging Strike
0-2: Foul Ball, location: 2F
0-2: Fly out, F9 (Flyball, 89M)
Bottom of the 3rd over - 0 run(s), 1 hit(s), 0 error(s), 1 left on base; Reading 3 - Butler 0
TOP OF THE 4TH
Reading Rainbows batting - Pitching for Butler White Sox : LHP Todd Anderson
Batting: RHB Germán Romero 0-0: Called Strike
0-1: Called Strike
0-2: Strikes out looking
Batting: RHB Hubert Brown 0-0: Ball
1-0: Foul Ball, location: 2F
1-1: Foul Ball, location: 2F
1-2: Strikes out swinging
Batting: RHB Richard Case 0-0: SINGLE (Flyball, 7LM)
Batting: RHB Tim Davis 0-0: Ball
1-0: Ball
2-0: Called Strike
2-1: Fly out, F8 (Flyball, 89D)
Top of the 4th over - 0 run(s), 1 hit(s), 0 error(s), 1 left on base; Reading 3 - Butler 0
BOTTOM OF THE 4TH
Butler White Sox batting - Pitching for Reading Rainbows : LHP Armando Rodríguez
Batting: RHB Luis Ramos 0-0: SOLO HOME RUN (Flyball, 7D), Distance : 346 ft
Batting: LHB Thomas Dixon 0-0: Swinging Strike
0-1: DOUBLE (Flyball, 89D)
Batting: LHB Sean Perkins 0-0: Ball
1-0: Foul Ball, location: 2F
1-1: Ball
2-1: Foul Ball, location: 2F
2-2: Foul Ball, location: 2F
2-2: Strikes out swinging
Batting: LHB Jim Knight 0-0: Ball
1-0: Ball
2-0: Ball
3-0: Called Strike
3-1: Foul Ball, location: 2F
3-2: Strikes out swinging
Batting: LHB Josh Pérez 0-0: Foul Ball, location: 2F
0-1: Foul Ball, location: 2F
0-2: Foul Ball, location: 2F
0-2: Ball
1-2: Foul Ball, location: 2F
1-2: Fly out, F8 (Flyball, 8RM)
Bottom of the 4th over - 1 run(s), 2 hit(s), 0 error(s), 1 left on base; Reading 3 - Butler 1
TOP OF THE 5TH
Reading Rainbows batting - Pitching for Butler White Sox : LHP Todd Anderson
Batting: RHB José Ortega 0-0: Ball
1-0: Called Strike
1-1: Hit by Pitch
Batting: LHB Shane Lynch 0-0: Ball
1-0: Called Strike
1-1: Fly out, F9 (Flyball, 9)
Batting: RHB Jeff Townsley 0-0: Grounds into double play, 4-6-3 (Groundball, 4)
Top of the 5th over - 0 run(s), 0 hit(s), 0 error(s), 0 left on base; Reading 3 - Butler 1
BOTTOM OF THE 5TH
Butler White Sox batting - Pitching for Reading Rainbows : LHP Armando Rodríguez
Batting: RHB Jerry Moore 0-0: Ball
1-0: Swinging Strike
1-1: Ball
2-1: Ball
3-1: Base on Balls
Batting: RHB Bobby Murdock 0-0: Ball
1-0: Fly out, F7 (Flyball, 78D)
Batting: RHB Tom Lang 0-0: Ball
1-0: Ball
2-0: Swinging Strike
2-1: 2-RUN HOME RUN (Flyball, 7D), Distance : 360 ft
Batting: RHB Luis Fuentes 0-0: SINGLE (Line Drive, 89S)
Batting: RHB Luis Ramos 0-0: Foul Ball, location: 2F
0-1: Ball
1-1: Ball
2-1: Ground out 5-3 (Groundball, 5D)
Luis Fuentes to second
Batting: LHB Thomas Dixon 0-0: Ball
1-0: Ball
Wild Pitch!
Luis Fuentes to third
2-0: Ball
3-0: Called Strike
3-1: Ground out 6-3 (Groundball, 6)
Bottom of the 5th over - 2 run(s), 2 hit(s), 0 error(s), 1 left on base; Reading 3 - Butler 3
TOP OF THE 6TH
Reading Rainbows batting - Pitching for Butler White Sox : LHP Todd Anderson
Batting: RHB Ron King 0-0: Swinging Strike
0-1: Swinging Strike
0-2: Strikes out swinging
Batting: SHB Dan Chandler 0-0: Fly out, F5 (Popup, 5L)
Batting: RHB Germán Romero 0-0: Swinging Strike
0-1: Ball
1-1: Ball
2-1: Ball
3-1: Called Strike
3-2: Strikes out swinging
Top of the 6th over - 0 run(s), 0 hit(s), 0 error(s), 0 left on base; Reading 3 - Butler 3
BOTTOM OF THE 6TH
Butler White Sox batting - Pitching for Reading Rainbows : LHP Armando Rodríguez
Batting: LHB Sean Perkins 0-0: Foul Ball, location: 2F
0-1: Fly out, F9 (Flyball, 9S)
Batting: LHB Jim Knight 0-0: Swinging Strike
0-1: Reached on error, E3 (Groundball, 34)
Batting: LHB Josh Pérez 0-0: 2-RUN HOME RUN (Flyball, 9D), Distance : 370 ft
Batting: RHB Jerry Moore 0-0: Swinging Strike
0-1: Ball
1-1: Fly out, F8 (Flyball, 89D)
Batting: RHB Bobby Murdock 0-0: Ball
1-0: Swinging Strike
1-1: Foul Ball, location: 2F
1-2: Strikes out swinging
Bottom of the 6th over - 2 run(s), 1 hit(s), 1 error(s), 0 left on base; Reading 3 - Butler 5
TOP OF THE 7TH
Reading Rainbows batting - Pitching for Butler White Sox : LHP Todd Anderson
Pitching: RHP Steve Newman
Batting: RHB Hubert Brown 0-0: Ball
1-0: Ball
2-0: Ball
3-0: Base on Balls
Batting: RHB Richard Case 0-0: Ball
1-0: DOUBLE (Line Drive, 8LD)
Hubert Brown to third
Runner from 3rd tries for Home, SAFE, no throw
Batting: RHB Tim Davis 0-0: Called Strike
Richard Case is caught stealing 3rd base
0-1: Ball
1-1: Ball
2-1: Foul Ball, location: 2F
2-2: Ball
3-2: Foul Ball, location: 2F
3-2: Foul Ball, location: 2F
3-2: Base on Balls
Batting: RHB José Ortega 0-0: Ball
1-0: Called Strike
1-1: Foul Ball, location: 2F
1-2: 2-RUN HOME RUN (Flyball, 89XD), Distance : 395 ft
Pitching: LHP Luis Torres
Batting: LHB Shane Lynch 0-0: Ball
1-0: Ball
2-0: Foul Ball, location: 2F
2-1: Fly out, F8 (Flyball, 8LM)
Pitching: RHP Carlos Olmedo
Batting: RHB Jeff Townsley 0-0: Called Strike
0-1: Foul Ball, location: 2F
0-2: Ball
1-2: Ball
2-2: Ball
3-2: Base on Balls
Batting: RHB Ron King 0-0: Foul Ball, location: 2F
0-1: Called Strike
0-2: Ball
1-2: Foul Ball, location: 2F
1-2: Foul Ball, location: 2F
1-2: Fly out, F7 (Flyball, 7)
Top of the 7th over - 3 run(s), 2 hit(s), 0 error(s), 1 left on base; Reading 6 - Butler 5
BOTTOM OF THE 7TH
Butler White Sox batting - Pitching for Reading Rainbows : LHP Armando Rodríguez
Batting: RHB Tom Lang 0-0: Swinging Strike
0-1: Foul Ball, location: 2F
0-2: Ball
1-2: Foul Ball, location: 2F
1-2: Ball
2-2: Ground out 4-3 (Groundball, 4MS)
Pitching: RHP Cory Powell
Batting: RHB Luis Fuentes 0-0: Ground out 4-3 (Groundball, 34)
Batting: RHB Luis Ramos 0-0: Ground out 4-3 (Groundball, 4)
Bottom of the 7th over - 0 run(s), 0 hit(s), 0 error(s), 0 left on base; Reading 6 - Butler 5
TOP OF THE 8TH
Reading Rainbows batting - Pitching for Butler White Sox : RHP Carlos Olmedo
Batting: SHB Dan Chandler 0-0: Ball
1-0: Ball
2-0: Called Strike
2-1: Fly out, F7 (Flyball, 7LMF)
Batting: RHB Germán Romero 0-0: Ball
1-0: Called Strike
1-1: Ball
2-1: Foul Ball, location: 2F
2-2: Strikes out looking
Batting: RHB Hubert Brown 0-0: Ball
1-0: Called Strike
1-1: Ball
2-1: Called Strike
2-2: Strikes out swinging
Top of the 8th over - 0 run(s), 0 hit(s), 0 error(s), 0 left on base; Reading 6 - Butler 5
BOTTOM OF THE 8TH
Butler White Sox batting - Pitching for Reading Rainbows : RHP Cory Powell
Pitching: RHP Lane Lund
Now at C: Louis Smith
Batting: LHB Thomas Dixon 0-0: Called Strike
0-1: Ball
1-1: Called Strike
1-2: Strikes out looking
Batting: LHB Sean Perkins 0-0: Ball
1-0: Called Strike
1-1: Ball
2-1: Fly out, F9 (Line Drive, 89D)
Batting: LHB Jim Knight 0-0: Ball
1-0: Called Strike
1-1: Ball
2-1: Called Strike
2-2: Strikes out looking
Bottom of the 8th over - 0 run(s), 0 hit(s), 0 error(s), 0 left on base; Reading 6 - Butler 5
TOP OF THE 9TH
Reading Rainbows batting - Pitching for Butler White Sox : RHP Carlos Olmedo
Pitching: RHP Archie Summers
Batting: RHB Richard Case 0-0: Ball
1-0: Ball
2-0: Foul Ball, location: 2F
2-1: Ball
3-1: Base on Balls
Batting: RHB Tim Davis 0-0: Ball
1-0: Sac Bunt - play at first, batter OUT! 1-4
Richard Case to second
Batting: RHB José Ortega 0-0: Intentional Walk
Batting: LHB Shane Lynch 0-0: Ball
Wild Pitch!
Richard Case to third
José Ortega to second
1-0: Ball
2-0: Called Strike
2-1: Ball
3-1: Fly out, F6 (Flyball, 56D)
Batting: RHB Jeff Townsley 0-0: Swinging Strike
0-1: Swinging Strike
0-2: Ball
1-2: Strikes out swinging
Top of the 9th over - 0 run(s), 0 hit(s), 0 error(s), 2 left on base; Reading 6 - Butler 5
BOTTOM OF THE 9TH
Butler White Sox batting - Pitching for Reading Rainbows : RHP Lane Lund
Pitching: RHP Luis Silva
Batting: LHB Josh Pérez 0-0: Ball
1-0: Ball
2-0: Ball
3-0: Called Strike
3-1: Base on Balls
Batting: RHB Jerry Moore 0-0: Swinging Strike
0-1: Ball
1-1: Ball
2-1: Sac Bunt - play at first, batter OUT! 1-4
Josh Pérez to second
Batting: RHB Bobby Murdock 0-0: Called Strike
0-1: Fly out, F9 (Flyball, 89M)
Batting: RHB Tom Lang 0-0: Foul Ball, location: 2F
0-1: Swinging Strike
0-2: Strikes out swinging
Bottom of the 9th over - 0 run(s), 0 hit(s), 0 error(s), 1 left on base; Reading 6 - Butler 5
Tuesday, August 8th, 2017 - OOTP Baseball 17.12 Build 75